 Dungeon Crawl Stone Soup version 0.29-a0-322-g68df515428 (webtiles) character file.

Game seed: 17516457372395970065

352 siradein the Magician (level 6, -1/46 HPs)
             Began as a Djinni Warper on Apr 8, 2022.
             Slain by a scorpion (3 damage)
             ... on level 4 of the Dungeon.
             The game lasted 00:11:10 (3540 turns).

siradein the Magician (Djinni Warper)               Turns: 3540, Time: 00:11:10

Health: -1/46      AC:  4    Str: 16    XL:     6   Next: 93%
Gold:   19         EV: 12    Int: 16    God:
                   SH:  0    Dex: 13

rFire   + + .      SeeInvis .   u - +3 scimitar (vorpal)
rCold   x . .      Faith    .   (no shield)
rNeg    . . .      Spirit   .   b - +0 leather armour
rPois   ∞          Reflect  .   (no helmet)
rElec   .          Harm     .   f - +0 cloak
rCorr   .          Rampage  .   (no gloves)
Will    .....                   (boots unavailable)
Stlth   +.........              l - amulet of regeneration
HPRegen 0.95/turn               o - +6 ring of strength
MPRegen 0.00/turn               (no ring)

@: wereblooded, flying
A: sickness immunity, fire resistance 2, cold vulnerability 1, float, innate
caster, HP casting, extra vitality 1
a: no special abilities


You were on level 4 of the Dungeon.
You visited 1 branch of the dungeon, and saw 4 of its levels.

You collected 213 gold pieces.
You spent 194 gold pieces at shops.

Inventory:

Hand Weapons
 i - a +1 dagger of speed
 k - a +1 dagger of draining
 u - a +3 vorpal scimitar (weapon)
Missiles
 d - 7 boomerangs of dispersal
Armour
 b - a +0 leather armour (worn)
 f - a +0 cloak (worn)
Jewellery
 l - an amulet of regeneration (around neck)
 o - a +6 ring of strength (left hand)
Scrolls
 c - a scroll of blinking
 e - 3 scrolls of identify {unknown}
 j - a scroll of amnesia {unknown}
 p - a scroll of magic mapping {unknown}
 t - a scroll of summoning {unknown}
Potions
 g - 2 potions of flight {unknown}
 h - 2 potions of heal wounds {unknown}
 m - a potion of attraction {unknown}
 n - 4 potions of curing
 q - a potion of cancellation {unknown}
 r - a potion of lignification {unknown}
 s - a potion of mutation {unknown}


   Skills:
 + Level 3.2 Fighting
 + Level 2.9 Long Blades
 - Level 0.7 Throwing
 + Level 2.6 Armour
 + Level 3.6 Dodging
 * Level 3.7 Spellcasting


You couldn't memorise any spells.
You knew the following spells:

 Your Spells              Type           Power      Damage    Failure   Level
a - Blink                 Tloc           28%        N/A       7%          2
b - Lesser Beckoning      Tloc           14%        N/A       13%         3
c - Gell's Gravitas       Tloc           14%        N/A       13%         3
d - Teleport Other        Tloc           14%        N/A       13%         3
e - Manifold Assault      Tloc           14%        N/A       77%         5
f - Summon Small Mammal   Summ           56%        N/A       4%          1
g - Wereblood             Tmut           14%        N/A       7%          2
Your spell library was empty.

Dungeon Overview and Level Annotations

Branches:
Dungeon (4/15)
 Temple: D:4-7

Altars:

Shops:
D:1 !   D:3 (!(:(

Annotations:
D:3 3 runed translucent doors, Crazy Yiuf; zishaf's ghost, weakling FeTm


Innate Abilities, Weirdness & Mutations

You are immune to sickness and miasma.
You are immune to poison.
Your flesh is very heat resistant. (rF++)
You are vulnerable to cold. (rC-)
You float through the air rather than walking.
You learn spells naturally, not from books.
Your magical power is your life essence.
You have superior vitality. (+4 MHP)


Message History

You howl as the wereblood boils in your veins!
The quokka bites you. The orc closely misses you. x3
The ufetubus closely misses you.
The ufetubus hits you but does no damage.
The quokka barely misses you. The orc hits you with a +0 short sword.
The orc hits you with a +0 hand axe. The orc closely misses you.
You closely miss the ufetubus. The ufetubus barely misses you.
The ufetubus closely misses you. The quokka closely misses you.
The ufetubus hits you. x2; The orc barely misses you. x2
The orc hits you but does no damage.
You hit the scorpion.
The scorpion is moderately wounded.
You howl as the wereblood boils in your veins!
The quokka barely misses you. The scorpion barely misses you.
The ufetubus barely misses you. The ufetubus hits you.
The orc closely misses you. The orc hits you with a +0 hand axe.
The orc hits you with a +0 short sword. The quokka bites you.
The ufetubus closely misses you.
The ufetubus hits you but does no damage.
The scorpion stings you.
You are too injured to fight recklessly!
Unknown command.
The ufetubus attacks as you move away! The ufetubus hits you. x2
You howl as the wereblood boils in your veins!
The orc hits you with a +0 short sword. The ufetubus attacks as you move away!
The ufetubus misses you. The ufetubus hits you. The scorpion stings you.
* * * LOW HITPOINT WARNING * * *
The orc hits you with a +0 club.
* * * LOW HITPOINT WARNING * * *
The ufetubus hits you.
* * * LOW HITPOINT WARNING * * *
The ufetubus hits you.
* * * LOW HITPOINT WARNING * * *
The ufetubus attacks as you move away! The ufetubus hits you.
* * * LOW HITPOINT WARNING * * *
The ufetubus hits you.
* * * LOW HITPOINT WARNING * * *
The orc attacks as you move away! The orc misses you. The scorpion stings you.
You die...

......### .....
...........##.....
#...........#.....
....>............
#......8.8......
..#...............
#......8.F...8....
#.....sor†......
...#@.5oJ..#...
##.o...## #######


You could see a bullfrog, a scorpion, a jelly, 3 orcs, an ufetubus and a quokka.

Vanquished Creatures
  Sigmund (D:3)
  A scorpion (D:3)
  A hound (D:4)
  6 adders
  A worm (D:3)
  3 endoplasms
  3 giant cockroaches
  7 goblins
  A hobgoblin (D:2)
  2 jackals (D:3)
  3 quokkas
  4 ball pythons
  4 bats
  3 frilled lizards
  4 kobolds (D:1)
  7 rats
51 creatures vanquished.

Vanquished Creatures (others)
  3 plants (D:3)
3 creatures vanquished.

Grand Total: 54 creatures vanquished

Notes
Turn   | Place    | Note
-------+----------+-------------------------------------------
     0 | D:1      | siradein the Djinni Warper began the quest for the Orb.
     0 | D:1      | Reached XP level 1. HP: 18/18 MP: 0/0
    20 | D:1      | Found Weapyrcha's Distillery.
   514 | D:1      | You are sucked into a shaft and drop 1 floor!
   754 | D:1      | Reached XP level 2. HP: 22/23 MP: 0/0
  1099 | D:1      | Found a faded altar of an unknown god.
  1785 | D:1      | Reached XP level 3. HP: 28/28 MP: 0/0
  1785 | D:1      | Learned a level 1 spell: Summon Small Mammal
  2623 | D:3      | Found Gearafol's Antique Weapon Boutique.
  2626 | D:3      | Noticed an ogre
  2681 | D:3      | Found a large runed translucent door.
  2681 | D:3      | Found a large runed translucent door.
  2689 | D:3      | Noticed zishaf's ghost (weakling FeTm)
  2821 | D:3      | Reached XP level 4. HP: 32/34 MP: 0/0
  2829 | D:3      | Found Lilil's Distillery.
  2837 | D:3      | Bought a potion of curing for 30 gold pieces
  2837 | D:3      | Bought a potion of degeneration for 10 gold pieces
  2879 | D:3      | Found a runed translucent door.
  2880 | D:3      | Noticed Crazy Yiuf
  2962 | D:3      | Found Kiubeiq's Book Shop.
  2962 | D:3      | Noticed a scorpion
  2963 | D:3      | Found Zuraus's Antique Weapon Emporium.
  3051 | D:3      | Killed a scorpion
  3052 | D:3      | Reached XP level 5. HP: 35/39 MP: 0/0
  3052 | D:3      | Learned a level 2 spell: Wereblood
  3151 | D:3      | Noticed Sigmund
  3161 | D:3      | Found Ottuji's Antique Weapon Shoppe.
  3179 | D:3      | Killed Sigmund
  3180 | D:3      | Reached XP level 6. HP: 46/46 MP: 0/0
  3473 | D:3      | Bought a glowing scimitar for 154 gold pieces
  3540 | D:4      | HP: 1/46 [ufetubus (4)]
  3540 | D:4      | Slain by a scorpion

Illustrated notes

Levels and vault maps discovered:
D:1:      grunt_arrival_lava_bath, layout_basic,
          nicolae_ecumenical_snake_handling, serial_shops,
          nicolae_shop_window_shopping
D:2:      layout_loops_corners
D:3:      cheibrodos_old_hovel, layout_loops_ring, ebering_ghost_disaster_area,
          serial_shops, shop, nicolae_shop_trees, shop,
          nicolae_shop_window_shopping, nicolae_shop_hallway_plus, uniq_sigmund,
          uniq_crazy_yiuf_cottage
D:4:      layout_rooms, lemuel_temple_firewalk_b, gup_sewer_entry_bubbles,
          grunt_ministairs_9, nicolae_shop_overcharged_wands

Skill      XL: |  1  2  3  4  5 |
---------------+----------------+-----
Long Blades    | 2 |  2.9
Spellcasting   | 3 |  3.7
Fighting       | 3 |  3.2
Armour         | 2 |  2.6
Dodging        | 3 |  3.6
Throwing       | |  0.7

Action                   |  1- 3 |  4- 6 || total
-------------------------+-------+-------++-------
Melee: Falchion          |   112 |    35 ||   147
       Dagger            |    12 |    65 ||    77
       Punch             |       |     1 ||     1
       Scimitar          |       |    10 ||    10
 Cast: Summon Small Mamm |     9 |     1 ||    10
       Wereblood         |       |     6 ||     6
 Stab: Distracted        |     1 |       ||     1
Armor: Leather armour    |    47 |    38 ||    85
Dodge: Dodged            |    65 |   117 ||   182

Table legend: (Time is in decaauts)
 A = Elapsed time spent in this place.
 B = Non-inter-level travel time spent in this place.
 C = Inter-level travel time spent in this place.
 D = Time resting spent in this place.
 E = Time spent auto-exploring this place.
 F = Levels seen in this place.
 G = Mean time per level.
                   A        B        C        D        E       F      G
               +--------+--------+--------+--------+--------+-----+--------+
         Total |   3560 |   3411 |    149 |    359 |   2372 |   4 |  890.0 |
       Dungeon |   3560 |   3411 |    149 |    359 |   2372 |   4 |  890.0 |
               +--------+--------+--------+--------+--------+-----+--------+

Top non-repeatable levels by time:
     D:1: 1673 daAuts
     D:2: 989 daAuts
     D:3: 882 daAuts
     D:4: 16 daAuts
